 Dungeon Crawl Stone Soup version 0.29-a0-8-g0446c0dae4 (webtiles) character file.

Game seed: 6706453165216123289

1822 bande the Chopper (level 9, -3/54 HPs)
             Began as a Gargoyle Fighter on Jan 27, 2022.
             Was a Follower of Okawaru.
             Slain by an ogre (7 damage)
             ... on level 6 of the Dungeon.
             The game lasted 00:13:10 (6847 turns).

bande the Chopper (Gargoyle Fighter)                Turns: 6847, Time: 00:13:11

Health: -3/54      AC: 19    Str: 19    XL:     9   Next: 10%
Magic:  10/11      EV:  5    Int: 10    God:    Okawaru [*.....]
Gold:   321        SH:  6    Dex: 13    Spells: 8/8 levels left

rFire   . . .      SeeInvis .   a - +1 war axe
rCold   . . .      Faith    .   c - +1 buckler
rNeg    + . .      Spirit   .   k - +0 plate armour
rPois   ∞          Reflect  .   (no helmet)
rElec   +          Harm     .   (no cloak)
rCorr   .          Rampage  .   (no gloves)
Will    .....                   (no boots)
Stlth   ..........              g - amulet of regeneration
HPRegen 0.98/turn               (no ring)
MPRegen 0.12/turn               (no ring)

@: no status effects
A: sickness immunity, AC +6, negative energy resistance 1, electricity
resistance, torment resistance 1, petrification resistance
a: Renounce Religion, Heroism


You were on level 6 of the Dungeon.
You worshipped Okawaru.
Okawaru was aware of your devotion.
You visited 2 branches of the dungeon, and saw 7 of its levels.
You also visited: Sewer.

You collected 321 gold pieces.

Inventory:

Hand Weapons
 a - a +1 war axe (weapon)
 r - a +0 flail
Armour
 c - a +1 buckler (worn)
 k - a +0 plate armour (worn)
Jewellery
 f - an amulet of faith
 g - an amulet of regeneration (around neck)
 i - an amulet of reflection
 y - a ring of wizardry
Wands
 j - a wand of digging (5)
 q - a wand of iceblast (14)
Scrolls
 e - a scroll of teleportation
 m - 3 scrolls of fog {unknown}
 n - a scroll of enchant weapon
 v - a scroll of magic mapping
Potions
 b - 6 potions of haste
 d - a potion of might
 h - a potion of magic
 l - 2 potions of ambrosia
 o - 3 potions of flight
 p - 2 potions of curing {unknown}
 s - a potion of invisibility {unknown}
 t - a potion of resistance {unknown}
 u - a potion of cancellation {unknown}
 w - 2 potions of mutation {unknown}
 x - 2 potions of heal wounds


   Skills:
 + Level 5.4 Fighting
 + Level 6.7 Axes
 + Level 6.1 Armour
 - Level 0.2 Dodging
 + Level 5.4 Shields
 * Level 2.8 Invocations
 * Level 3.6 Evocations


You had 8 spell levels left.
You didn't know any spells.
Your spell library contained the following spells:

 Spells                   Type           Power      Damage    Failure   Level
 Foxfire                  Conj/Fire      0%         2x1d4     100%        1
 Conjure Flame            Conj/Fire      0%         6-21      100%        3
 Inner Flame              Hex/Fire       0%         N/A       100%        3
 Portal Projectile        Hex/Tloc       0%         N/A       100%        3
 Cause Fear               Hex            0%         N/A       100%        4
 Flame Wave               Conj/Fire      0%         2d4       100%        4
 Blade Hands              Tmut           0%         N/A       100%        5
 Excruciating Wounds      Necr           0%         N/A       100%        5
 Discord                  Hex            0%         N/A       100%        8


Dungeon Overview and Level Annotations

Branches:
Dungeon (6/15)             Temple (1/1) D:5           Sewer (visited)

Altars:
Ashenzari
Cheibriados
Fedhas
Gozag
Hepliaklqana
Kikubaaqudgha
Makhleb
Nemelex Xobeh
Okawaru
Ru
Sif Muna
Trog
Uskayaw
Vehumet
Wu Jian
Xom
Yredelemnul
Zin
The Shining One

Shops:
D:5 [


Innate Abilities, Weirdness & Mutations

You are immune to sickness and miasma.
Your stone body is resilient. (AC +6)
You are immune to poison.
You resist negative energy. (rN+)
You are resistant to electric shocks. (rElec)
You are resistant to unholy torment.
You are immune to petrification.


Message History

The steam dragon claws you but does no damage.
Things that are here:
a +0 whip; a scroll of teleportation; an orc corpse You closely miss the steam dragon.
The steam dragon is lightly wounded.
You barely miss the ogre. You block the ogre's attack.
You block the steam dragon's attack. The steam dragon claws you.
You closely miss the steam dragon.
The steam dragon is lightly wounded.
You hit the ogre. You block the steam dragon's attack.
The steam dragon claws you but does no damage.
The ogre hits you with a +0 giant club!!
You slash the steam dragon!
The steam dragon is heavily wounded.
You slash the ogre! The steam dragon bites you.
The steam dragon claws you but does no damage.
You block the ogre's attack.
You hit the steam dragon.
The steam dragon is severely wounded.
You slash the ogre! The steam dragon bites you.
You block the steam dragon's attack. You block the ogre's attack.
The steam dragon bites you.
The steam dragon claws you but does no damage.
You slash the steam dragon!
You kill the steam dragon!
Okawaru accepts your kill.
You hit the ogre. The ogre hits you with a +0 giant club!
* * * LOW HITPOINT WARNING * * *
You see here a steam dragon corpse.
You barely miss the ogre.
The ogre is almost dead.
The ogre hits you with a +0 giant club!
* * * LOW HITPOINT WARNING * * *
You hit the ogre but do no damage.
The ogre is almost dead.
You block the ogre's attack.
You hit the ogre.
The ogre is almost dead.
The ogre hits you with a +0 giant club!
You die...

# #.# # #.#####).
# ####.#.....# #
#..........# #
#..........# #
#........#.# .#
#........#.# ..#
#........#.###...#
#......<..@......#
####.####)O.......
#....'.).......
######)).......
#..........
#..........
#..........
###.######. #.#


You could see an ogre.

Vanquished Creatures
  A hornet (D:5)
  A steam dragon (D:6)
  A necrophage (D:6)
  An ogre (D:5)
  A centaur (D:6)
  3 kobold brigands
  2 scorpions (D:5)
  A water moccasin skeleton (D:5)
  A jelly (D:4)
  4 hounds
  An orc priest (D:3)
  2 bullfrog skeletons (D:6)
  4 iguanas
  3 orc wizards
  Natasha (thrice) (D:3)
  A hound skeleton (D:5)
  14 adders
  6 river rats (Sewer)
  2 ufetubi
  2 adder skeletons
  7 worms
  3 dart slugs
  11 orcs
  13 endoplasms
  6 giant cockroaches
  7 goblins
  14 hobgoblins
  3 jackals
  7 quokkas
  11 ball pythons
  3 bats
  6 frilled lizards
  27 kobolds
  24 rats
196 creatures vanquished.

Vanquished Creatures (others)
  2 plants (D:1)
2 creatures vanquished.

Grand Total: 198 creatures vanquished

Notes
Turn   | Place    | Note
-------+----------+-------------------------------------------
     0 | D:1      | bande the Gargoyle Fighter began the quest for the Orb.
     0 | D:1      | Reached XP level 1. HP: 14/14 MP: 1/1
   477 | D:1      | Reached XP level 2. HP: 19/19 MP: 2/2
   478 | D:1      | Found a faded altar of an unknown god.
   760 | D:1      | Reached XP level 3. HP: 23/23 MP: 3/3
  1763 | D:2      | Reached XP level 4. HP: 20/29 MP: 4/4
  2743 | D:3      | Noticed Natasha
  2753 | D:3      | Killed Natasha
  2754 | D:3      | Reached XP level 5. HP: 13/33 MP: 5/5
  2758 | D:3      | Noticed Natasha
  2770 | D:3      | Killed Natasha
  2778 | D:3      | Noticed Natasha
  2788 | D:3      | Killed Natasha
  3230 | D:3      | Reached XP level 6. HP: 23/38 MP: 6/6
  3568 | D:3      | Reached skill level 1 in Evocations
  3837 | D:4      | Reached XP level 7. HP: 39/44 MP: 7/7
  4287 | D:4      | Upgraded the game from 0.29-a0-2-g12fcac58f8 to
                  | 0.29-a0-8-g0446c0dae4
  4288 | D:5      | Entered Level 5 of the Dungeon
  4344 | D:5      | Found a glowing drain.
  4359 | Sewer    | Entered a sewer
  4530 | Sewer    | Reached skill level 5 in Axes
  4622 | Sewer    | Reached skill level 5 in Armour
  4978 | D:5      | Reached XP level 8. HP: 34/48 MP: 8/8
  5006 | D:5      | Found a staircase to the Ecumenical Temple.
  5024 | Temple   | Entered the Ecumenical Temple
  5264 | Temple   | Became a worshipper of Warmaster Okawaru
  5565 | D:5      | Noticed a hornet
  5582 | D:5      | Killed a hornet
  5583 | D:5      | Reached skill level 5 in Fighting
  5583 | D:5      | Reached skill level 5 in Shields
  5583 | D:5      | Reached skill level 1 in Invocations
  6027 | D:5      | Found Estiah's Antique Armour Shoppe.
  6630 | D:6      | Reached * piety under Okawaru
  6735 | D:6      | Reached XP level 9. HP: 54/54 MP: 10/10
  6845 | D:6      | HP: 1/54 [ogre (16)]
  6847 | D:6      | Slain by an ogre

Illustrated notes

Levels and vault maps discovered:
D:1:      nicolae_arrival_somewhat_less_tricky_arrival, layout_basic,
          hellmonk_ecumenical_altar_crossroads, serial_forest,
          infiniplex_forest_lined_2, infiniplex_forest_straight_3,
          infiniplex_forest_end_2, infiniplex_forest_clump_small,
          infiniplex_forest_clump_small, minmay_pentomino_u4
D:2:      layout_loops_ring
D:3:      layout_rooms, minmay_joined_circles, uniq_natasha
D:4:      layout_loops_ring
D:5:      layout_cave_pods, minmay_temple_entry_crystal_x, gup_sewer_entry_pipe,
          serial_shops, nicolae_shop_stone
D:6:      layout_basic
Temple:   mainiacjoe_temple_starburst

Skill      XL: |  1  2  3  4  5  6  7  8 |
---------------+-------------------------+-----
Axes           | 2 3 4 5 6 |  6.7
Armour         | 4 5 6 |  6.1
Fighting       | 4 5 |  5.4
Shields        | 4 5 |  5.4
Evocations     | 1 2 3 |  3.6
Invocations    | 2 |  2.8
Dodging        | |  0.2

Action                   |  1- 3 |  4- 6 |  7- 9 || total
-------------------------+-------+-------+-------++-------
Melee: War axe           |   119 |   157 |   322 ||   598
  Use: Scroll            |     2 |     5 |     5 ||    12
       Potion            |       |     2 |       ||     2
Armor: Scale mail        |    68 |       |       ||    68
       Plate armour      |     7 |   142 |   243 ||   392
Dodge: Dodged            |    56 |    61 |    66 ||   183
Block: Buckler           |    19 |    97 |   123 ||   239
       Reflection        |       |     2 |       ||     2

Table legend: (Time is in decaauts)
 A = Elapsed time spent in this place.
 B = Non-inter-level travel time spent in this place.
 C = Inter-level travel time spent in this place.
 D = Time resting spent in this place.
 E = Time spent auto-exploring this place.
 F = Levels seen in this place.
 G = Mean time per level.
                   A        B        C        D        E       F      G
               +--------+--------+--------+--------+--------+-----+--------+
         Total |   7082 |   6972 |    110 |   1252 |   4009 |   8 |  885.2 |
       Dungeon |   6154 |   6073 |     81 |   1252 |   3450 |   6 | 1025.7 |
        Temple |    320 |    291 |     29 |      0 |    235 |   1 |  320.0 |
         Sewer |    607 |    607 |      0 |      0 |    324 |   1 |  607.0 |
               +--------+--------+--------+--------+--------+-----+--------+

Top non-repeatable levels by time:
     D:5: 1470 daAuts
     D:1: 1387 daAuts
     D:2: 1238 daAuts
     D:3: 1157 daAuts
     D:4: 631 daAuts
   Sewer: 607 daAuts
  Temple: 320 daAuts
     D:6: 270 daAuts
